 Dungeon Crawl Stone Soup version 0.20.0-15-g7f486f2 (webtiles) character file.

385 renl the Chopper (level 6, -3/56 HPs)
             Began as a Hill Orc Monk on June 24, 2017.
             Slain by Pikel
             ... wielding a +2 whip of flaming
              (4 damage)
             ... on level 4 of the Dungeon.
             The game lasted 00:19:21 (2655 turns).

renl the Chopper (Hill Orc Monk)                    Turns: 2655, Time: 00:19:21

Health: -3/56      AC: 13    Str: 16    XL:     6   Next: 77%
Magic:  6/6        EV:  5    Int: 10    God:
Gold:   128        SH:  0    Dex: 13    Spells: 5/5 levels left

rFire    . . .     SeeInvis .   a - +0 hand axe
rCold    . . .     Gourm    +   (no shield)
rNeg     . . .     Faith    .   u - +1 plate armour
rPois    .         Spirit   .   f - +0 helmet (curse)
rElec    .         Reflect  .   (no cloak)
rCorr    .         Harm     .   (no gloves)
MR       .....                  (no boots)
Stlth    ..........             o - amulet of the gourmand
Regen    0.2/turn               (no ring)
MPRegen  0.1/turn               (no ring)

@: flying
A: no striking features
a: no special abilities


You were on level 4 of the Dungeon.
You were not hungry.

You visited 1 branch of the dungeon, and saw 4 of its levels.

You collected 128 gold pieces.

Inventory:

Hand Weapons
 a - a +0 hand axe (weapon)
Armour
 e - a +1 helmet
 f - a cursed +0 helmet (worn)
 u - a +1 plate armour (worn)
Jewellery
 m - an uncursed amulet of faith
 o - an amulet of the gourmand (around neck)
Wands
 q - a wand of random effects (1/48)
Scrolls
 i - a scroll of recharging {unknown}
 k - 3 scrolls of remove curse
 l - 4 scrolls of identify
Potions
 b - a potion of brilliance {unknown}
 h - a potion of heal wounds
 j - 2 potions of flight
 n - a potion of agility {unknown}
 s - a potion of invisibility {unknown}
 t - a potion of curing {unknown}
 v - a potion of mutation {unknown}
Comestibles
 c - 4 bread rations
 d - a meat ration
 g - 3 royal jellies


   Skills:
 * Level 5.5 Fighting
 * Level 7.8 Axes
 + Level 2.3 Armour
 - Level 2.4 Dodging
 - Level 1.5 Stealth
 + Level 0.4 Evocations


You had 5 spell levels left.
You didn't know any spells.

Dungeon Overview and Level Annotations

Branches:
Dungeon (4/15)
 Temple: D:4-7

Altars:
Dithmenos
Okawaru
Qazlal
Uskayaw
Xom

Annotations:
D:4 Pikel


Message History

The slave hits you but does no damage.
Your plate armour prevents you from hitting the slave.
The slave is almost dead.
The slave disappears!
Evoke which item? (* to show all) (? for menu, Esc to quit)
Aiming: Random Effects (will waste charges)
Press: ? - help, Shift-Dir - straight line, f/p - Pikel
Aim: Pikel, wielding a whip of flaming and wearing a robe (translocational energy, lightly wounded)
The bolt of poison hits Pikel.
Pikel is poisoned.
Pikel is moderately wounded.
The bolt of poison hits the slave.
The slave is severely wounded.
The bolt of poison misses the slave.
The bolt of poison hits the slave.
The slave is poisoned.
The slave is severely wounded.
Evoking this partially-identified wand wasted a few charges.
Pikel hits you with a whip of flaming!
* * * LOW HITPOINT WARNING * * *
Pikel burns you.
You die...

*,,,,,,* *?.....* *......* #
*......#### # *,........# #
*,,.......# ###### # *****#....#
#....# # *######....########....#
# ,..........pp.pK@......# #
*######....########....# # ######
#....# # ###....# #
************#####...#..##########
,,,,,,,,,,,,.....................
************#####...##.####.....#
#...##..# #..##.#
#...###.###..##.#


You could see Pikel and 3 slaves.

Vanquished Creatures
  Duvessa (D:4)
  Dowan (D:4)
  A bullfrog skeleton (D:4)
  Jessica (D:2)
  A worker ant (D:4)
  Robin (D:3)
  5 adders
  2 adder skeletons (D:4)
  4 worms
  3 leopard geckos
  4 orcs (D:3)
  9 ball pythons (D:2)
  5 giant cockroaches
  14 goblins
  7 hobgoblins
  2 jackals (D:1)
  2 quokkas
  4 bats
  4 frilled lizards
  2 kobolds
  9 rats
82 creatures vanquished.

Notes
Turn   | Place    | Note
-------+----------+-------------------------------------------
     0 | D:1      | renl the Hill Orc Monk began the quest for the Orb.
     0 | D:1      | Reached XP level 1. HP: 19/19 MP: 1/1
   212 | D:1      | Reached XP level 2. HP: 24/27 MP: 2/2
   403 | D:2      | Noticed Jessica
   412 | D:2      | Killed Jessica
   412 | D:2      | Reached skill level 5 in Axes
   412 | D:2      | Reached XP level 3. HP: 11/34 MP: 3/3
   545 | D:2      | Reached XP level 4. HP: 11/41 MP: 4/4
   892 | D:2      | Found an iron altar of Okawaru.
   907 | D:2      | Found a shimmering altar of Xom.
  1006 | D:3      | Reached skill level 5 in Fighting
  1131 | D:3      | Found a shadowy altar of Dithmenos.
  1176 | D:3      | Reached skill level 6 in Axes
  1176 | D:3      | Reached XP level 5. HP: 47/48 MP: 5/5
  1484 | D:3      | Noticed Robin
  1503 | D:3      | Killed Robin
  1557 | D:3      | Found a stormy altar of Qazlal.
  2061 | D:4      | Noticed Duvessa
  2061 | D:4      | Noticed Dowan
  2067 | D:4      | Killed Dowan
  2067 | D:4      | Reached skill level 7 in Axes
  2067 | D:4      | Reached skill level 1 in Armour
  2175 | D:2      | Found a hide-covered altar of Uskayaw.
  2382 | D:4      | Reached XP level 6. HP: 36/56 MP: 6/6
  2417 | D:4      | Killed Duvessa
  2618 | D:4      | Noticed a slave
  2620 | D:4      | Noticed a slave
  2621 | D:4      | Noticed Pikel
  2622 | D:4      | Noticed a slave
  2625 | D:4      | Noticed a slave
  2655 | D:4      | HP: 1/56 [Pikel/whip of flaming (8)]
  2655 | D:4      | Slain by Pikel

Skill      XL: |  1  2  3  4  5  6 |
---------------+-------------------+-----
Fighting       | 4 5 |  5.5
Axes           | 5 6 7 |  7.8
Armour         | 1 2 |  2.3
Dodging        | |  2.4
Stealth        | |  1.5
Evocations     | |  0.4

Action                   |  1- 3 |  4- 6 || total
-------------------------+-------+-------++-------
Melee: Hand axe          |    49 |   222 ||   271
Throw: Javelin           |     8 |    39 ||    47
Evoke: Wand              |       |     8 ||     8
  Use: Scroll            |     5 |     2 ||     7
       Potion            |       |     3 ||     3
  Eat: Chunk             |       |    10 ||    10
Armor: Scale mail        |     7 |    10 ||    17
       Ring mail         |    13 |    27 ||    40
       Plate armour      |       |   119 ||   119
Dodge: Dodged            |    33 |    92 ||   125
